 Dungeon Crawl Stone Soup version v3.01-hellcrawl-74-g7a863a7 (webtiles) character file.

57464 severenz the Peltast (level 17, -2/144 HPs)
             Began as a Ghoul Fighter on Apr 18, 2017.
             Was an Elder of Cheibriados.
             Slain by a shock serpent (12 damage)
             ... on level 3 of the Snake Pit.
             The game lasted 01:42:14 (19391 turns).

severenz the Peltast (Ghoul Fighter)               Turns: 19391, Time: 01:42:16

Health: -2/144     AC: 23 (34%)Str: 39  XL:     17   Next: 77%
Magic:  22/23      EV: 18    Int: 12    God:    Cheibriados [****..]
Gold:   782        SH: 25    Dex: 19    Spells: 13/16 levels left

rFire    . . .     SeeInvis +     - Unarmed
rCold    + . .     Faith    .   H - +0 large shield
rNeg     + + +     Spirit   .   m - +2 chain mail {MR+}
rPois    ∞         Reflect  .   y - +2 helmet {SInv}
rElec    .                      o - +2 cloak
rCorr    .                      (no gloves)
MR       +++..                  (no boots)
Stlth    ..........             L - amulet of regeneration
Regen    0.0/turn               C - ring of protection from magic
MPRegen  0.3/turn               c - +3 ring of protection

@: mighty, very slow
A: hp from kills, claws 1, cold resistance 1, negative energy resistance 3,
inhibited regeneration, torment resistance, unbreathing
a: Bend Time, Temporal Distortion, Slouch, Renounce Religion


You were on level 3 of the Snake Pit.
You worshipped Cheibriados.
Cheibriados was greatly pleased with you.
You were not hungry.

You visited 3 branches of the dungeon, and saw 20 of its levels.
You also visited: Sewer and Bailey.

You collected 1966 gold pieces.
You spent 1184 gold pieces at shops.

Inventory:

Missiles
 d - 6036 stones (quivered)
 n - 2 curare darts
 p - 66 poisoned darts
 E - 76 javelins
 T - 131 tomahawks
 V - 5 exploding tomahawks
Armour
 b - a +0 shield
 j - a +2 plate armour of poison resistance
 m - a +2 chain mail of magic resistance (worn)
 o - a +2 cloak (worn)
 w - a +1 plate armour of fire resistance
 y - a +2 helmet of see invisible (worn)
 H - a +0 large shield (worn)
 Q - +0 acid dragon scales
 U - a +1 chain mail of fire resistance
Magical Staves
 K - an uncursed staff of power
Jewellery
 c - a +3 ring of protection (right claw)
 i - a +3 ring of intelligence
 C - a ring of protection from magic (left claw)
 D - an uncursed ring of see invisible
 L - an amulet of regeneration (around neck)
 O - a +3 ring of strength
 R - an uncursed ring of resist corrosion
Wands
 q - a wand of acid (4)
 x - a wand of flame (19)
 z - a wand of confusion (10)
 A - a wand of lightning (0)
 G - a wand of digging (8)
 M - a wand of iceblast (0)
 W - a wand of enslavement (8)
Scrolls
 e - 10 scrolls of amnesia
 g - 2 scrolls of magic mapping
 h - 4 scrolls of fear
 k - 9 scrolls of enchant weapon
 s - 2 scrolls of enchant armour
 t - 5 scrolls of teleportation
 u - a scroll of fog
 v - a scroll of immolation
 I - a scroll of silence
 J - 3 scrolls of blinking
 S - a scroll of torment
Potions
 a - 4 potions of flight
 f - 2 potions of invisibility
 r - 3 potions of curing
 B - a potion of cancellation
 N - 2 potions of brilliance
 X - a potion of resistance


   Skills:
 + Level 11.2 Fighting
 - Level 10.4 Armour
 + Level 12.6 Dodging
 - Level 17.3 Shields
 + Level 16.8 Unarmed Combat
 - Level 9.5 Invocations


You had 13 spell levels left.
You knew the following spells:

 Your Spells              Type           Power        Failure   Level  Hunger
a - Lesser Beckoning      Tloc           0 (200)      100%        3    ####...


Dungeon Overview and Level Annotations

Branches:
Dungeon (15/15)             Snake (3/3) Orc:2         Slime (0/4) Orc:2
    Orc (2/2) D:15         Vaults (0/3) D:15         Depths (0/3) D:15
  Swamp: Orc:2       Shoals: Orc:2

Altars:
Cheibriados
Dithmenos
Elyvilon
Gozag
Hepliaklqana
Kikubaaqudgha
Makhleb
Nemelex Xobeh
Okawaru
Qazlal
Ru
Sif Muna
Trog
Uskayaw
Vehumet
Xom
Yredelemnul
Zin
The Shining One

Shops:
D:14 *   Orc:2 [(![(   Snake:3 *


Innate Abilities, Weirdness & Mutations

You restore health by killing enemies.
You are immune to poison.
You have sharp fingernails.
Your flesh is cold resistant. (rC+)
You are immune to negative energy. (rN+++)
You do not regenerate when monsters are visible.
You are immune to unholy pain and torment.
You can survive without breathing.


Message History

You block the shock serpent's attack.
You closely miss the shock serpent.
The shock serpent is heavily wounded.
The shock serpent shoots out a bolt of lightning at you!
The bolt of electricity hits you!
That hurt (3)!
* * * LOW HITPOINT WARNING * * *
You barely miss the shock serpent.
The shock serpent is moderately wounded.
The shock serpent shoots out a bolt of lightning at you!
The bolt of electricity hits you!
That hurt (11)!
* * * LOW HITPOINT WARNING * * *
A sea snake comes into view.
You claw the shock serpent (8)!
The shock serpent is heavily wounded.
The shock serpent's electric aura discharges, shocking you!
* * * LOW HITPOINT WARNING * * *
The shock serpent bites you (4).
* * * LOW HITPOINT WARNING * * *
The shock serpent shocks you (12)!
You die...

#.... ##.....###..).....#
..... #.......#)).#.....#
≈!....'.≈≈≈≈≈÷')÷.#.....#
≈S.N..#.≈≈≈≈≈.'÷..##....#
≈.....N.N≈≈≈≈.'...# ....#
#NNN....#...# ....#
##....S###..# ..###
#)###S# #..# ..# ##))@##
...# ..# ##### ...# .#+
.#


You could see a sea snake and a shock serpent.

Vanquished Creatures
  Saint Roka (Orc:2)
  7 greater nagas
  3 orc warlords
  Aizul (Snake:2)
  Azrael (Orc:2)
  A dire elephant (D:15)
  8 vault guards (D:15)
  A hydra (D:11)
  18 naga warriors
  2 centaur warriors (D:14)
  6 ogre magi
  26 two-headed ogres
  4 anacondas
  9 death yaks
  2 tengu warriors
  9 shock serpents
  9 naga sharpshooters
  3 orc high priests
  Nergalle (D:10)
  Sonja (D:14)
  4 skeletal warriors (D:12)
  A salamander mystic (Snake:2)
  2 deep trolls (Orc:2)
  4 naga ritualists
  4 sea snakes (Snake:3)
  5 unseen horrors
  An orc knight (Bailey)
  8 mana vipers
  A wizard (D:14)
  Pikel (D:6)
  2 orc sorcerers
  A wolf spider (D:15)
  6 ugly things
  A wolf spider zombie (D:13)
  A deep elf mage (D:12)
  10 cyclopes
  4 manticores
  9 salamanders
  2 guardian serpents (Snake:3)
  20 black mambas
  4 gargoyles
  21 naga magi
  A torpor snail (D:11)
  3 spiny frogs
  A freezing wraith (D:14)
  2 efreet (D:14)
  2 rime drakes
  A tengu conjurer (D:15)
  A meliai (shapeshifter) (D:15)
  2 queen bees
  20 trolls
  3 meliai (D:13)
  A slime creature (D:11)
  9 blink frogs
  Sigmund (D:6)
  2 shadows
  3 vampires
  Eustachio (D:5)
  A black mamba zombie (D:12)
  2 wyverns
  4 yaks
  A wraith (D:14)
  2 fire elementals (Orc:2)
  A steam dragon (D:14)
  5 wargs
  A spiny frog zombie (D:11)
  47 nagas
  5 acid dragons
  2 water moccasins
  Duvessa (D:5)
  2 hell hounds (Orc:2)
  51 orc warriors
  4 ice beasts
  A slave (D:6)
  A blink frog zombie (D:9)
  41 ogres
  9 centaurs
  A big kobold (Sewer)
  Blork the orc (D:6)
  A bullfrog (D:9)
  Dowan (D:5)
  A water moccasin zombie (D:8)
  A wyvern zombie (D:11)
  4 wyvern skeletons
  3 scorpions
  5 crimson imps
  76 killer bees
  4 howler monkeys
  2 electric eels (D:8)
  2 wasp zombies
  2 centaur zombies
  Crazy Yiuf (D:7)
  3 jellies
  A bullfrog skeleton (D:7)
  8 centaur skeletons
  11 orc priests
  4 hounds
  19 orc wizards
  Natasha (thrice) (D:3)
  2 worker ants
  A killer bee zombie (D:5)
  An iguana (D:5)
  A hound skeleton (D:5)
  Robin (D:3)
  A howler monkey zombie (D:5)
  A howler monkey skeleton (D:5)
  5 adders
  3 gnolls (D:2)
  4 dart slugs
  103 orcs
  8 quokkas
  4 ball pythons
  8 giant cockroaches
  13 goblins
  7 hobgoblins
  12 jackals
  A ball python zombie (D:5)
  16 bats
  5 frilled lizards
  10 kobolds
  A quokka skeleton (D:5)
  16 rats
837 creatures vanquished.

Vanquished Creatures (collateral kills)
  A naga sharpshooter (Snake:3)
1 creature vanquished.

Vanquished Creatures (others)
  A black mamba (Snake:2)
  A naga (Snake:3)
  A shadow imp (D:6)
  2 plants (D:8)
5 creatures vanquished.

Grand Total: 843 creatures vanquished

Notes
Turn   | Place    | Note
-------+----------+-------------------------------------------
     0 | D:1      | severenz the Ghoul Fighter began the quest for the Orb.
     0 | D:1      | Reached XP level 1. HP: 19/19 MP: 0/0
   227 | D:1      | Reached XP level 2. HP: 21/26 MP: 1/1
   381 | D:1      | Found an iron altar of Okawaru.
   683 | D:1      | Reached XP level 3. HP: 23/31 MP: 2/2
  1131 | D:2      | Reached XP level 4. HP: 29/38 MP: 3/3
  1154 | D:2      | Reached skill level 5 in Unarmed Combat
  1310 | D:2      | Noticed a moth of wrath
  1313 | D:2      | Found a bloodstained altar of Trog.
  1493 | D:3      | Noticed Robin
  1499 | D:3      | Noticed Natasha
  1512 | D:3      | Killed Robin
  1517 | D:3      | Reached XP level 5. HP: 29/45 MP: 4/4
  1539 | D:3      | Killed Natasha
  1736 | D:3      | Reached XP level 6. HP: 38/51 MP: 5/5
  1788 | D:3      | Found a snail-covered altar of Cheibriados.
  1801 | D:3      | Became a worshipper of Cheibriados the Contemplative
  1839 | D:3      | Found a hazy altar of Hepliaklqana.
  1925 | D:3      | Noticed Natasha
  1939 | D:3      | Killed Natasha
  2006 | D:3      | Reached * piety under Cheibriados
  2045 | D:3      | Noticed Natasha
  2052 | D:3      | Killed Natasha
  2132 | D:3      | Found a sacrificial altar of Ru.
  2244 | D:3      | Found a radiant altar of Vehumet.
  2259 | D:3      | Found a stormy altar of Qazlal.
  2497 | D:4      | Reached XP level 7. HP: 57/57 MP: 6/6
  2548 | D:4      | Found a deep blue altar of Sif Muna.
  2710 | D:4      | Noticed a dagger
  2710 | D:4      | Noticed a dagger
  2715 | D:4      | Found a hide-covered altar of Uskayaw.
  2758 | D:4      | Found a white marble altar of Elyvilon.
  2815 | D:4      | Found a basalt altar of Yredelemnul.
  3074 | D:5      | Entered Level 5 of the Dungeon
  3110 | D:5      | Found a shadowy altar of Dithmenos.
  3118 | D:5      | Reached skill level 1 in Dodging
  3118 | D:5      | Reached skill level 3 in Shields
  3171 | D:5      | Got the +3 scale mail of the Doldrums {rN++}
  3202 | D:5      | Noticed Dowan
  3203 | D:5      | Noticed Duvessa
  3210 | D:5      | Killed Duvessa
  3227 | D:5      | Reached ** piety under Cheibriados
  3236 | D:5      | Killed Dowan
  3236 | D:5      | Reached XP level 8. HP: 56/63 MP: 7/7
  3242 | D:5      | Found a glowing drain.
  3251 | Sewer    | Entered a sewer
  3353 | Sewer    | Found a white marble altar of Elyvilon.
  3606 | D:5      | Reached *** piety under Cheibriados
  3606 | D:5      | Reached skill level 4 in Shields
  3609 | D:5      | Noticed Eustachio
  3619 | D:5      | Killed Eustachio
  3619 | D:5      | Reached skill level 1 in Invocations
  4252 | D:6      | Noticed Sigmund
  4271 | D:6      | Killed Sigmund
  4279 | D:6      | Reached XP level 9. HP: 68/70 MP: 9/9
  4335 | D:6      | Found a shimmering altar of Xom.
  4339 | D:6      | Found an iron altar of Okawaru.
  4339 | D:6      | Found an opulent altar of Gozag.
  4339 | D:6      | Found a glowing silver altar of Zin.
  4405 | D:6      | Noticed Blork the orc
  4415 | D:6      | Killed Blork the orc
  4439 | D:6      | Found a glowing silver altar of Zin.
  4448 | D:6      | Reached **** piety under Cheibriados
  4501 | D:6      | Noticed Pikel
  4516 | D:6      | Killed Pikel
  4516 | D:6      | Reached skill level 5 in Armour
  4516 | D:6      | Reached skill level 5 in Shields
  4569 | D:6      | Found an ancient bone altar of Kikubaaqudgha.
  4637 | D:6      | Found a glowing golden altar of the Shining One.
  4808 | D:6      | Found a sparkling altar of Nemelex Xobeh.
  4808 | D:6      | Found a burning altar of Makhleb.
  4848 | D:6      | Found an ancient bone altar of Kikubaaqudgha.
  4999 | D:7      | Found a runed door.
  5234 | D:7      | Found a stormy altar of Qazlal.
  5323 | D:7      | Reached XP level 10. HP: 76/80 MP: 12/12
  5719 | D:7      | Noticed Crazy Yiuf
  5727 | D:7      | Killed Crazy Yiuf
  5807 | D:8      | Reached skill level 5 in Dodging
  5986 | D:8      | Reached skill level 6 in Shields
  6298 | D:8      | Reached skill level 5 in Fighting
  6364 | D:8      | Reached skill level 5 in Invocations
  7003 | D:9      | Learned a level 3 spell: Lesser Beckoning
  7012 | D:9      | Reached ***** piety under Cheibriados
  7086 | D:9      | Noticed a spiny frog
  7094 | D:9      | Killed a spiny frog
  7138 | D:9      | Found a hide-covered altar of Uskayaw.
  7190 | D:9      | Reached skill level 7 in Shields
  7617 | D:10     | Entered Level 10 of the Dungeon
  7736 | D:10     | Noticed Nergalle
  7747 | D:10     | Killed Nergalle
  7747 | D:10     | Reached skill level 8 in Shields
  7747 | D:10     | Reached XP level 11. HP: 71/86 MP: 15/15
  7877 | D:10     | Noticed a death yak
  7878 | D:10     | Noticed a death yak
  7879 | D:10     | Noticed a death yak
  7889 | D:10     | Killed a death yak
  7909 | D:10     | Killed a death yak
  7924 | D:10     | Killed a death yak
  8276 | D:10     | Noticed a two-headed ogre
  8283 | D:10     | Reached skill level 9 in Shields
  8298 | D:10     | Killed a two-headed ogre
  8563 | D:10     | Noticed an unseen horror
  8569 | D:10     | Killed an unseen horror
  9011 | D:11     | Noticed a manticore
  9023 | D:11     | Killed a manticore
  9096 | D:11     | Reached skill level 10 in Unarmed Combat
  9187 | D:11     | Reached skill level 10 in Shields
  9374 | D:11     | Noticed a purple ugly thing
  9389 | D:11     | Killed a purple ugly thing
  9389 | D:11     | Reached XP level 12. HP: 94/94 MP: 18/18
  9442 | D:11     | Noticed a two-headed ogre
  9457 | D:11     | Killed a two-headed ogre
  9535 | D:11     | Reached ****** piety under Cheibriados
  9583 | D:11     | Got the Incunabulum of Frigorific Changing
  9593 | D:11     | Noticed an eight-headed hydra
  9595 | D:11     | Noticed a two-headed ogre
  9608 | D:11     | Killed an eight-headed hydra
  9608 | D:11     | Reached skill level 11 in Shields
  9615 | D:11     | Killed a two-headed ogre
 10078 | D:12     | Noticed a two-headed ogre
 10083 | D:12     | Killed a two-headed ogre
 10540 | D:12     | Noticed a two-headed ogre
 10545 | D:12     | Killed a two-headed ogre
 10612 | D:12     | Reached XP level 13. HP: 78/104 MP: 19/19
 10645 | D:12     | Reached skill level 12 in Shields
 10997 | D:13     | Found a flagged portal.
 11013 | Bailey   | Entered a bailey
 11955 | D:13     | Reached skill level 13 in Shields
 12198 | D:14     | Reached skill level 14 in Shields
 12317 | D:14     | Reached XP level 14. HP: 81/116 MP: 20/20
 12610 | D:14     | Reached skill level 15 in Shields
 12863 | D:14     | Noticed Sonja
 13056 | D:14     | Killed Sonja
 13184 | D:14     | Found Xixkyerhe's Demolitions Depot.
 13231 | D:15     | Entered Level 15 of the Dungeon
 13258 | D:15     | Found a gate to the Vaults.
 13283 | D:15     | Reached skill level 16 in Shields
 13465 | D:15     | Reached skill level 17 in Shields
 13465 | D:15     | Reached XP level 15. HP: 79/123 MP: 10/21
 13690 | D:15     | Found a staircase to the Depths.
 14274 | D:15     | Found a staircase to the Orcish Mines.
 14475 | Orc:1    | Entered Level 1 of the Orcish Mines
 14487 | Orc:1    | Noticed an orc warlord
 14504 | Orc:1    | Killed an orc warlord
 14573 | Orc:1    | Noticed an orc warlord
 14598 | Orc:1    | Killed an orc warlord
 14932 | Orc:2    | Entered Level 2 of the Orcish Mines
 14932 | Orc:2    | Noticed Saint Roka
 14955 | Orc:2    | Killed Saint Roka
 15255 | Orc:2    | Found a staircase to the Slime Pits.
 15268 | Orc:2    | Noticed an orc warlord
 15283 | Orc:2    | Killed an orc warlord
 15307 | Orc:2    | Reached skill level 10 in Fighting
 15494 | Orc:2    | Noticed Azrael
 15506 | Orc:2    | Killed Azrael
 15541 | Orc:2    | Found a staircase to the Snake Pit.
 15705 | Orc:2    | Reached skill level 10 in Dodging
 15721 | Orc:2    | Reached XP level 16. HP: 92/134 MP: 18/22
 15753 | Orc:2    | Found Soafabirph's Antique Weapon Emporium.
 15796 | Orc:2    | Found Lituply's Distillery.
 15797 | Orc:2    | Found Dische Refao's Antique Weapon Shoppe.
 15810 | Orc:2    | Found Aghigh's Armour Boutique.
 15897 | Orc:2    | Found Coekav's Armour Shoppe.
 16213 | Orc:2    | Bought a +2 helmet of see invisible for 344 gold pieces
 16255 | Orc:2    | Bought 2 potions of heal wounds for 140 gold pieces
 16255 | Orc:2    | Bought a potion of heal wounds for 70 gold pieces
 16255 | Orc:2    | Bought a potion of heal wounds for 70 gold pieces
 16270 | Orc:2    | Bought a +1 plate armour of fire resistance for 560 gold pieces
 16290 | Snake:1  | Entered Level 1 of the Snake Pit
 16604 | Snake:1  | Reached skill level 15 in Unarmed Combat
 16999 | Snake:1  | Noticed a greater naga
 17016 | Snake:1  | Killed a greater naga
 17952 | Snake:2  | Found a basalt altar of Yredelemnul.
 18268 | Snake:2  | Noticed a greater naga
 18278 | Snake:2  | Killed a greater naga
 18278 | Snake:2  | Reached XP level 17. HP: 136/140 MP: 23/23
 18283 | Snake:2  | Reached skill level 10 in Armour
 18326 | Snake:2  | Noticed Aizul
 18332 | Snake:2  | Killed Aizul
 18642 | Snake:3  | Entered Level 3 of the Snake Pit
 18642 | Snake:3  | Found Momofiq's Assorted Antiques.
 19349 | Snake:3  | HP: 6/144 [naga sharpshooter/bolt (15)]
 19391 | Snake:3  | Slain by a shock serpent

Skill      XL: |  1  2  3  4  5  6  7  8  9 10 11 12 13 14 15 16 17 |
---------------+----------------------------------------------------+-----
Unarmed Combat | 3 4 5 6 7 8 9 10 12 13 14 15 16 | 16.8
Armour         | 3 4 5 6 7 9 10 | 10.4
Dodging        | 2 3 4 5 6 8 10 11 12 | 12.6
Shields        | 3 4 5 8 10 11 14 17 | 17.3
Invocations    | 2 4 7 9 |  9.5
Fighting       | 4 5 6 8 10 11 | 11.2

Action                   |  1- 3 |  4- 6 |  7- 9 | 10-12 | 13-15 | 16-18 || total
-------------------------+-------+-------+-------+-------+-------+-------++-------
Melee: Unarmed           |    72 |   255 |   331 |   744 |   934 |   819 ||  3155
Throw: Stone             |       |       |       |       |     2 |       ||     2
Invok: Slouch            |       |       |       |     3 |    17 |    15 ||    35
Evoke: Wand              |       |       |     1 |     2 |     8 |     4 ||    15
  Use: Potion            |       |     1 |     1 |     3 |     5 |    11 ||    21
       Scroll            |       |       |     1 |     1 |     2 |     1 ||     5
 Stab: Paralysed         |       |     1 |       |       |       |       ||     1
       Confused          |       |       |       |       |     1 |       ||     1
Armor: Scale mail        |    27 |   108 |   100 |   195 |   137 |     1 ||   568
       Chain mail        |       |       |       |       |       |   128 ||   128
Dodge: Dodged            |    19 |    70 |   102 |   309 |   319 |   294 ||  1113
Block: Shield            |    33 |   119 |   190 |   259 |       |       ||   601
       Large shield      |       |       |       |   415 |  1262 |  1052 ||  2729
